 Dungeon Crawl Stone Soup version 0.27-a0-277-g024f7ef292 (webtiles) character file.

Game seed: 1167073292470288467

92 Borgoz the Cudgeller (level 4, -1/28 HPs)
             Began as a Gargoyle Gladiator on Feb 5, 2021.
             Slain by Sigmund
             ... wielding a +0 scythe
              (4 damage)
             ... while paralysed
             ... on level 3 of the Dungeon.
             The game lasted 00:01:54 (2513 turns).

Borgoz the Cudgeller (Gargoyle Gladiator)           Turns: 2513, Time: 00:01:54

Health: -1/28      AC: 10    Str: 17    XL:     4   Next: 60%
Magic:  4/4        EV:  2    Int:  9    God:
Gold:   74         SH:  0    Dex: 12    Spells: 3/3 levels left

rFire    . . .     SeeInvis .   a - +0 flail
rCold    . . .     Faith    .   (no shield)
rNeg     + . .     Spirit   .   n - +0 ring mail
rPois    ∞         Reflect  .   c - +0 helmet
rElec    +         Harm     .   (no cloak)
rCorr    .         Rampage  .   (no gloves)
Will     .....                  (no boots)
Stlth    +.........             (no amulet)
HPRegen  0.09/turn              (no ring)
MPRegen  0.09/turn              (no ring)

@: paralysed, berserk cooldown, slowed
A: negative energy resistance 1, electricity resistance, unbreathing,
petrification resistance, miasma immunity, AC +3
a: no special abilities


You were on level 3 of the Dungeon.
You visited 1 branch of the dungeon, and saw 3 of its levels.

You collected 74 gold pieces.

Inventory:

Hand Weapons
 a - a +0 flail (weapon)
Missiles
 d - 3 throwing nets (quivered)
Armour
 c - a +0 helmet (worn)
 n - a +0 ring mail (worn)
Scrolls
 b - a scroll of noise {unknown}
 e - 2 scrolls of amnesia {unknown}
 h - 2 scrolls of identify {unknown}
 i - a scroll of enchant weapon {unknown}
 k - a scroll of remove curse
 m - 2 scrolls of magic mapping
 p - a scroll of blinking {unknown}
 r - a scroll of fog {unknown}
 s - a scroll of enchant armour {unknown}
Potions
 f - a potion of flight {unknown}
 g - a potion of might {unknown}
 j - a potion of brilliance {unknown}
 l - a potion of heal wounds {unknown}
 o - a potion of berserk rage
 q - a potion of haste {unknown}
 t - a potion of ambrosia


   Skills:
 + Level 3.1 Fighting
 + Level 3.6 Maces & Flails
 - Level 1.7 Throwing
 + Level 2.1 Armour
 + Level 3.0 Dodging


You had 3 spell levels left.
You didn't know any spells.
Your spell library was empty.

Dungeon Overview and Level Annotations

Branches:
Dungeon (3/15)

Altars:

Annotations:
D:3 Sigmund


Innate Abilities, Weirdness & Mutations

You are resistant to torment.
Your stone body is resilient. (AC +3)
You are immune to poison.
You resist negative energy. (rN+)
You are resistant to electric shocks. (rElec)
You can survive without breathing.
You are immune to petrification.
You are immune to miasma.


Message History

Something hits you.
You completely miss something. Something hits you.
You closely miss something. You barely miss something.
You hear some strange, mumbled words.
You are confused.
Something hits you but does no damage.
You feel a strong urge to attack something.
You miss something.
You are no longer berserk.
You pass out from exhaustion.
You feel yourself slow down.
You hear some strange, mumbled words.
Something tries to affect you, but you resist.
Something hits you!
* * * LOW HITPOINT WARNING * * *
You feel less confused. Something hits you but does no damage.
Something hits you.
You die...

#.#..#..#,,,,,,.........
#.#..#..#******#######..
#.#..#..# ### #.#..#..#
#.#..#..# #.#..#..#
#.#..#..#
#....#..#######*********
###.##.@{......,,,,,,,,,
#.##.########*********
#.##........,,,,,,,,,,
#.##........,,,,,,,,,,
#.....######**********
#.##### ###


There were no monsters in sight!

Vanquished Creatures
  An adder (D:3)
  An ooze (D:1)
  2 worms (D:3)
  3 dart slugs (D:2)
  2 leopard geckos
  An orc (D:3)
  5 bats
  3 giant cockroaches
  7 hobgoblins
  7 jackals
  4 kobolds
  A quokka (D:2)
  2 frilled lizards
  11 goblins
  7 rats
57 creatures vanquished.

Notes
Turn   | Place    | Note
-------+----------+-------------------------------------------
     0 | D:1      | Borgoz the Gargoyle Gladiator began the quest for the Orb.
     0 | D:1      | Reached XP level 1. HP: 12/12 MP: 1/1
   222 | D:1      | Reached XP level 2. HP: 16/18 MP: 2/2
   385 | D:1      | Reached skill level 1 in Armour
   628 | D:1      | Reached XP level 3. HP: 20/22 MP: 3/3
  2027 | D:2      | Reached XP level 4. HP: 27/27 MP: 4/4
  2484 | D:3      | Noticed Sigmund
  2513 | D:3      | Slain by Sigmund

Illustrated notes

Levels and vault maps discovered:
D:1:      enne_arrival_octagon_isle, layout_basic
D:2:      layout_loops_ring
D:3:      layout_basic, uniq_sigmund

Skill      XL: |  1  2  3  4 |
---------------+-------------+-----
Armour         | 1 2 |  2.1
Fighting       | 3 |  3.1
Dodging        | 3 |  3.0
Maces & Flails | |  3.6
Throwing       | |  1.7

Action                   |  1- 3 |  4- 6 || total
-------------------------+-------+-------++-------
Melee: Flail             |   120 |    67 ||   187
  Use: Scroll            |     1 |     1 ||     2
       Potion            |       |     2 ||     2
 Stab: Sleeping          |     1 |       ||     1
Armor: Leather armour    |    19 |       ||    19
       Ring mail         |    25 |    36 ||    61
Dodge: Dodged            |    91 |    42 ||   133

Table legend: (Time is in decaauts)
 A = Elapsed time spent in this place.
 B = Non-inter-level travel time spent in this place.
 C = Inter-level travel time spent in this place.
 D = Time resting spent in this place.
 E = Time spent auto-exploring this place.
 F = Levels seen in this place.
 G = Mean time per level.
                   A        B        C        D        E       F      G
               +--------+--------+--------+--------+--------+-----+--------+
         Total |   2552 |   2488 |     64 |      0 |   2031 |   3 |  850.7 |
       Dungeon |   2552 |   2488 |     64 |      0 |   2031 |   3 |  850.7 |
               +--------+--------+--------+--------+--------+-----+--------+

Top non-repeatable levels by time:
     D:1: 1255 daAuts
     D:2: 895 daAuts
     D:3: 401 daAuts
